 Dungeon Crawl Stone Soup version 0.28-a0-1524-ge72afd5fc6 (webtiles) character file.

Game seed: 16015573912452403616

298 psuckher the Sneak (level 6, -3/50 HPs)
             Began as a Barachi Delver on Jan 17, 2022.
             Slain by a worm (5 damage)
             ... on level 4 of the Dungeon.
             The game lasted 00:02:51 (559 turns).

psuckher the Sneak (Barachi Delver)                  Turns: 559, Time: 00:02:52

Health: -3/50      AC:  3    Str: 16    XL:     6   Next: 36%
Magic:  6/6        EV: 12    Int: 10    God:
Gold:   15         SH:  0    Dex: 13    Spells: 5/5 levels left

rFire   . . .      SeeInvis .   a - +0 falchion
rCold   . . .      Faith    .   i - orb {*Rage}
rNeg    . . .      Spirit   .   b - +0 leather armour
rPois   .          Reflect  .   (no helmet)
rElec   .          Harm     .   (no cloak)
rCorr   .          Rampage  .   (no gloves)
Will    .....      Rage     20% (no boots)
Stlth   +++.......              (no amulet)
HPRegen 0.16/turn               (no ring)
MPRegen 0.10/turn               (no ring)

@: on berserk cooldown, slow
A: amphibious, slowness 1, strong legs 1, +LOS
a: Hop


You were on level 4 of the Dungeon.
You visited 1 branch of the dungeon, and saw 2 of its levels.

You collected 15 gold pieces.

Inventory:

Hand Weapons
 a - a +0 falchion (weapon)
Armour
 b - a +0 leather armour (worn)
 i - an orb of wrath (worn)
 k - a +0 barding
Wands
 g - a wand of digging (3)
Scrolls
 c - 2 scrolls of fog
 d - a scroll of magic mapping
 h - a scroll of enchant weapon {unknown}
 j - a scroll of amnesia {unknown}
 l - a scroll of identify {unknown}
 m - a scroll of vulnerability {unknown}
Potions
 f - a potion of haste


   Skills:
 + Level 4.8 Fighting
 + Level 3.4 Long Blades
 + Level 2.1 Armour
 + Level 2.7 Dodging
 + Level 6.4 Stealth


You had 5 spell levels left.
You didn't know any spells.
Your spell library contained the following spells:

 Spells                   Type           Power      Damage    Failure   Level
 Alistair's Intoxication  Tmut/Pois      0%         N/A       100%        5
 Borgnjor's Vile Clutch   Necr/Erth      0%         N/A       100%        5
 Eringya's Noxious Bog    Tmut/Pois      0%         N/A       100%        6


Dungeon Overview and Level Annotations

Branches:
Dungeon (5/15)
 Temple: D:4-7

Altars:


Innate Abilities, Weirdness & Mutations

You are amphibious.
You cover ground slowly.
You can hop short distances.
You have an extended range of vision and can be seen from far away.


Message History

Your Long Blades skill increases to level 3!
Your Armour skill increases to level 2!
Your Stealth skill increases to level 6!
You have reached level 5!
You have reached level 6!
Unknown command.
You are too berserk!
Unknown command.
You feel a strong urge to attack something.
You are no longer berserk.
You are exhausted.
You feel yourself slow down.
As you read the scroll of fear, it crumbles to dust.
You assume a fearsome visage.
The worm looks frightened!
The hobgoblin looks frightened!
The hobgoblin gives up.
You hit the hobgoblin.
The hobgoblin is lightly wounded.
The hobgoblin closely misses you.
You hit the hobgoblin.
The hobgoblin is heavily wounded.
The hobgoblin closely misses you. The hobgoblin barely misses you.
You slash the hobgoblin!
You kill the hobgoblin!
The worm bites you.
* * * LOW HITPOINT WARNING * * *
You feel yourself speed up. The worm misses you.
You barely miss the worm. The worm misses you.
You slash the worm!
The worm is moderately wounded.
You barely miss the worm.
The worm is moderately wounded.
The worm bites you.
* * * LOW HITPOINT WARNING * * *
Unknown command.
You barely miss the worm.
The worm is moderately wounded.
The worm bites you.
You die...

. ####.........#
.............#
#####.........# #
##......(..#
..####......#####
#..$.#......#
#........#
##.......#
##.....@#
#.....w# #......#
#......# #......#
########


You could see a worm.

Vanquished Creatures
  Grinder (D:4)
  A phantom (D:4)
  A centaur skeleton (D:4)
  An adder (D:4)
  A dart slug (D:4)
  A hobgoblin (D:4)
  A quokka (D:4)
7 creatures vanquished.

Notes
Turn   | Place    | Note
-------+----------+-------------------------------------------
     0 | D:5      | psuckher the Barachi Delver began the quest for the Orb.
     0 | D:5      | Reached XP level 1. HP: 18/18 MP: 1/1
    71 | D:4      | Reached XP level 2. HP: 6/25 MP: 2/2
   373 | D:4      | Noticed a phantom
   380 | D:4      | Killed a phantom
   381 | D:4      | Reached skill level 5 in Stealth
   381 | D:4      | Reached XP level 3. HP: 29/30 MP: 3/3
   381 | D:4      | Reached XP level 4. HP: 35/37 MP: 4/4
   458 | D:4      | Noticed Grinder
   467 | D:4      | Reached skill level 1 in Armour
   518 | D:4      | Paralysed by Grinder for 3 turns
   527 | D:4      | HP: 1/55 [Grinder (4)]
   528 | D:4      | Killed Grinder
   529 | D:4      | Reached skill level 6 in Stealth
   529 | D:4      | Reached XP level 5. HP: 1/43 MP: 5/5
   529 | D:4      | Reached XP level 6. HP: 2/49 MP: 6/6
   558 | D:4      | HP: 1/50 [worm (3)]
   559 | D:4      | Slain by a worm

Illustrated notes

Levels and vault maps discovered:
D:4:      layout_rooms, uniq_grinder
D:5:      layout_basic, uniq_menkaure, uniq_sigmund

Skill      XL: |  1  2  3  4 |
---------------+-------------+-----
Fighting       | 4 |  4.8
Stealth        | 5 6 |  6.4
Armour         | 2 |  2.1
Long Blades    | 3 |  3.4
Dodging        | |  2.7

Action                   |  1- 3 |  4- 6 || total
-------------------------+-------+-------++-------
Melee: Falchion          |    14 |    23 ||    37
  Use: Scroll            |       |     1 ||     1
Armor: Leather armour    |     5 |     1 ||     6
Dodge: Dodged            |    11 |    11 ||    22

Table legend: (Time is in decaauts)
 A = Elapsed time spent in this place.
 B = Non-inter-level travel time spent in this place.
 C = Inter-level travel time spent in this place.
 D = Time resting spent in this place.
 E = Time spent auto-exploring this place.
 F = Levels seen in this place.
 G = Mean time per level.
                   A        B        C        D        E       F      G
               +--------+--------+--------+--------+--------+-----+--------+
         Total |    703 |    703 |      0 |      0 |      0 |   2 |  351.5 |
       Dungeon |    703 |    703 |      0 |      0 |      0 |   2 |  351.5 |
               +--------+--------+--------+--------+--------+-----+--------+

Top non-repeatable levels by time:
     D:4: 662 daAuts
     D:5: 41 daAuts
